 Dungeon Sprint DCSS version 0.17-a0-1248-g117de50 (webtiles) character file.

926 Kidiri the Basher (level 7, -3/121 HPs)
             Began as a Troll Berserker on June 5, 2015.
             Was a Priest of Trog.
             Slain by a flying skull (7 damage)
             ... in the Dungeon (Sprint II: "The Violet Keep of Menkaure").
             The game lasted 00:10:04 (838 turns).

Kidiri the Basher (Troll Berserker)                  Turns: 838, Time: 00:10:04

Health: -3/121     AC:  8    Str: 33    XL:     7   Next: 85%
Magic:  5/5        EV: 12    Int:  3    God:    Trog [***...]
Gold:   23         SH:  0    Dex:  9    Spells: 0 memorised, 6 levels left

rFire  . . .     SeeInvis +     a - +0 mace
rCold  . . .     Clarity  .     b - +0 animal skin
rNeg   . . .     SustAt   .     (no shield)
rPois  .         Gourm    +     (helmet restricted)
rElec  .         Spirit   .     (no cloak)
rCorr  .         Warding  .     (gloves unavailable)
rMut   .         NoTele   +     (boots unavailable)
MR     .....                    (no amulet)
Stlth  ..........               k - ring of see invisible
                                j - +3 ring of protection

@: berserking, manticore barbs, very slightly contaminated, hasted, very quick,
not resistant to hostile enchantments, extremely unstealthy
A: unfitting armour, claws 3, fast metabolism 3, gourmand, low mp 1, mutation
resistance 1, regeneration 2, shaggy fur 1, tough skin 2, MP-powered wands
a: Burn Spellbooks, Berserk, Trog's Hand, Renounce Religion


You were in the Dungeon.
You worshipped Trog.
Trog was most pleased with you.
You were not hungry.

You visited 1 branch You collected 742 gold pieces.
You spent 719 gold pieces at shops.

Inventory:

Hand weapons
 a - a +0 mace (weapon)
Armour
 b - a +0 animal skin (worn)
Jewellery
 j - a +3 ring of protection (left claw)
 k - a ring of see invisible (right claw)
Scrolls
 i - a scroll of blinking
Potions
 d - 5 potions of curing
 f - a potion of haste
 g - 2 potions of magic
 h - a potion of berserk rage
Comestibles
 c - a bread ration


   Skills:
 * Level 8.8 Fighting
 * Level 9.6 Maces & Flails
 * Level 8.7 Dodging


You had 6 spell levels left.
You didn't know any spells.

Dungeon Overview and Level Annotations

Branches:
Dungeon (1/1)

Altars:

Shops:
D *=:=((!?:%[}=!=[

Annotations:
D exclusion: oklob plant, Kirke


Innate Abilities, Weirdness & Mutations

You are too large for most types of armour.
You have claws for hands.
Your metabolism is lightning-fast.
You like to eat raw meat.
You heal very quickly.
You are covered in fur (AC +1).
You have very tough skin (AC +2).
Your magical capacity is low (-10% MP).
You are somewhat resistant to further mutation.
You expend magic power (3 MP) to strengthen your wands.


Message History

The yaktaur captain looks even sicker.
The yaktaur captain seems to slow down.
The yaktaur captain closely misses you.
The kobold demonologist is engulfed in dark miasma.
The kobold demonologist looks even sicker.
The flying skull completely misses you.
You thump the flying skull!
The flying skull is heavily damaged.
The flying skull completely misses you.
The flying skull hits you but does no damage.
You sock the flying skull!
The flying skull is almost destroyed.
The flying skull hits you.
* * * LOW HITPOINT WARNING * * *
The flying skull closely misses you. x2
You barely miss the flying skull.
The flying skull is almost destroyed.
The flying skull hits you!
* * * LOW HITPOINT WARNING * * *
The flying skull hits you!
You die...

####+#### ##§§§§≈§.##
###§§§§§§§≈.## ##
cK≈§§§§§§§≈.#
...####≈§.z§§z≈.
...≈##.zzzz.
###########≈z#zzz#+++##
##########≈≈HH@c@z..(.#
#∩.......#≈≈≈Hz##+##..#
#.∩.....∩#≈≈≈Y## ###.####
#∩.∩...∩.#≈≈≈≈#w##..#....#
#.∩.∩.∩.∩#≈≈###


www ###..## #..∩.∩.∩.#≈##.# #+###.##..# #...∩.∩..#≈#.####.##.#.#..#
#....⌠...'≈'##.'.<.'###'..# #........#≈#...##.##.#.#....# You could see Kirke, a
yaktaur captain, an elephant, a skeletal warrior, a centaur warrior, a
manticore, a kobold demonologist, 2 harpies and 11 flying skulls.

Vanquished Creatures
  A flying skull (D)
  2 hippogriffs (D)
  4 necrophages (D)
  2 crocodiles (D)
  A scorpion (D)
  3 worms (D)
13 creatures vanquished.

Vanquished Creatures (others)
  Menkaure (D)
1 creature vanquished.

Grand Total: 14 creatures vanquished

Notes
Turn   | Place    | Note
--------------------------------------------------------------
     0 | D        | Kidiri the Troll Berserker began the quest for the Orb.
     0 | D        | Reached XP level 1. HP: 22/22 MP: 0/0
     1 | D        | Noticed a necrophage
     1 | D        | Noticed a necrophage
     1 | D        | Noticed a necrophage
     1 | D        | Noticed a necrophage
     9 | D        | Killed a necrophage
     9 | D        | Reached skill level 4 in Fighting
     9 | D        | Reached skill level 5 in Maces & Flails
     9 | D        | Reached XP level 2. HP: 30/33 MP: 1/1
     9 | D        | Reached XP level 3. HP: 36/40 MP: 2/2
     9 | D        | Reached XP level 4. HP: 43/49 MP: 3/3
    13 | D        | Killed a necrophage
    13 | D        | Reached skill level 5 in Fighting
    13 | D        | Reached skill level 6 in Maces & Flails
    13 | D        | Reached skill level 5 in Dodging
    13 | D        | Reached XP level 5. HP: 51/57 MP: 4/4
    19 | D        | Killed a necrophage
    22 | D        | Killed Menkaure
    34 | D        | Killed a necrophage
    34 | D        | Reached skill level 7 in Maces & Flails
    34 | D        | Reached XP level 6. HP: 20/67 MP: 5/5
   171 | D        | Noticed a brain worm
   171 | D        | Noticed a brain worm
   171 | D        | Noticed a brain worm
   171 | D        | Noticed a brain worm
   175 | D        | Noticed a hippogriff
   175 | D        | Noticed a hippogriff
   186 | D        | Killed a hippogriff
   186 | D        | Reached skill level 8 in Maces & Flails
   194 | D        | Killed a hippogriff
   194 | D        | Acquired Trog's second power
   194 | D        | Reached XP level 7. HP: 29/78 MP: 6/6
   348 | D        | Found Eshracyph's Distillery.
   348 | D        | Found Kued's Food Boutique.
   348 | D        | Found Odistid's Antique Armour Shop.
   348 | D        | Found Qath's Antique Armour Boutique.
   348 | D        | Found Ucher's Jewellery Boutique.
   348 | D        | Found Waujecob's Jewellery Boutique.
   349 | D        | Found Nutucaq's Gadget Shop.
   349 | D        | Found Arinn's Book Boutique.
   349 | D        | Found Joqur's Magic Scroll Shop.
   386 | D        | Noticed an electric eel
   386 | D        | Noticed an electric eel
   386 | D        | Noticed an electric eel
   386 | D        | Noticed an electric eel
   387 | D        | Noticed a crocodile
   397 | D        | Killed a crocodile
   397 | D        | Reached skill level 9 in Maces & Flails
   398 | D        | Noticed an electric eel
   558 | D        | Noticed an electric eel
   558 | D        | Noticed an electric eel
   568 | D        | Found Weybleim's Distillery.
   568 | D        | Found Deschaloz's Antique Weapon Boutique.
   573 | D        | Noticed a redback
   574 | D        | Found Vamast's Antique Weapon Boutique.
   574 | D        | Found Foriucre's Jewellery Shop.
   574 | D        | Noticed a crocodile
   574 | D        | Noticed a redback
   574 | D        | Noticed an oklob plant
   588 | D        | Killed a crocodile
   686 | D        | Found Biphum's Jewellery Shop.
   686 | D        | Found Xeplaz's Book Shoppe.
   686 | D        | Found Nadoipno's General Store.
   711 | D        | Noticed a black bear
   714 | D        | Noticed a black bear
   715 | D        | Bought a potion of curing for 30 gold pieces
   715 | D        | Bought a potion of haste for 100 gold pieces
   715 | D        | Bought a potion of curing for 30 gold pieces
   715 | D        | Bought a potion of curing for 30 gold pieces
   715 | D        | Bought a potion of curing for 30 gold pieces
   715 | D        | Bought a potion of heal wounds for 50 gold pieces
   715 | D        | Bought a potion of mutation for 25 gold pieces
   715 | D        | Bought a potion of mutation for 25 gold pieces
   715 | D        | Gained mutation: Your magical capacity is low (-10% MP). [potion of mutation]
   715 | D        | Gained mutation: You expend magic power (3 MP) to strengthen your wands. [potion of mutation]
   715 | D        | Gained mutation: You are somewhat resistant to further mutation. [potion of mutation]
   716 | D        | Noticed a black bear
   719 | D        | Noticed a wyvern
   725 | D        | Bought a potion of curing for 39 gold pieces
   740 | D        | Bought a +3 ring of protection for 210 gold pieces
   741 | D        | Bought an uncursed ring of see invisible for 150 gold pieces
   753 | D        | Noticed a scorpion
   756 | D        | Killed a scorpion
   796 | D        | Noticed a flying skull
   797 | D        | Noticed a flying skull
   799 | D        | Noticed a flying skull
   800 | D        | Noticed a flying skull
   803 | D        | Noticed a flying skull
   807 | D        | Noticed a flying skull
   810 | D        | Noticed a flying skull
   813 | D        | Noticed a flying skull
   814 | D        | Noticed a flying skull
   815 | D        | Noticed a flying skull
   816 | D        | Noticed a flying skull
   816 | D        | Noticed a flying skull
   817 | D        | Noticed Kirke
   817 | D        | Noticed a yaktaur captain
   817 | D        | Noticed a kobold demonologist
   818 | D        | Noticed a centaur warrior
   819 | D        | Noticed an elephant
   820 | D        | Noticed a harpy
   821 | D        | Noticed a harpy
   822 | D        | Noticed a skeletal warrior
   823 | D        | Noticed a manticore
   835 | D        | Killed a flying skull
   838 | D        | HP: 4/121 [flying skull (10)]
   838 | D        | Slain by a flying skull

Vault maps used:
D:        the_violet_keep_of_menkaure

Action                   |  1- 3 |  4- 6 |  7- 9 || total
-------------------------+-------+-------+-------++-------
Melee: Mace              |     6 |    40 |    45 ||    91
Invok: Berserk           |     1 |     1 |     2 ||     4
  Use: Potion            |       |     1 |     5 ||     6
  Eat: Chunk             |       |       |     6 ||     6
       Bread ration      |       |       |     1 ||     1
